 Dungeon Crawl Stone Soup version 0.31-a0-455-g1a7b003ef0 (webtiles) character file.

Game seed: 10518637965978507915

41357 ytrimaz the Mimic (level 13, 0/98 HPs)
             Began as a Demonspawn Shapeshifter on Aug 4, 2023.
             Was a High Priest of Okawaru.
             Slain by a phantasmal warrior (16 damage)
             ... led by a death knight
             ... on level 15 of the Dungeon.
             The game lasted 00:23:31 (18002 turns).

ytrimaz the Mimic (Demonspawn Shapeshifter)        Turns: 18002, Time: 00:23:32

Health: 0/98       AC: 20    Str: 21    XL:     13   Next: 79%
Magic:  0/18       EV: 23    Int: 10    God:    Okawaru [*****.]
Gold:   464        SH:  4    Dex: 18    Spells: 12/12 levels left

rFire   + +          .
                       - Unarmed
rCold   + . .        (shield currently unavailable)
rNeg    . . .        n - +2 robe {Will+}
rPois   .            V - +0 helmet
rElec   .            U - scarf {rC+ rF+}
rCorr   +            Q - melded +2 pair of gloves of Spite {Stlth+}
SInv    .            T - +0 pair of boots
Will    .....        v - amulet of guardian spirit
Stlth   +++          s - ring "Zioptobi" {rF+ AC+4 Dex+5}
HPRegen 0.36/turn    k - ring of resist corrosion
MPRegen 0.16/turn

%: guardian spirit
@: blade hands, weak-willed, heroic
A: icy blue scales 2, (demonic guardian 1), icemail 2, condensation shield,
weakness stinger 1
a: Begin Untransformation, Renounce Religion, Heroism, Finesse, Duel


You were on level 15 of the Dungeon.
You worshipped Okawaru.
Okawaru was extremely pleased with you.
You had blades for hands.
You visited 3 branches of the dungeon, and saw 17 of its levels.
You visited 1 bazaar.
You also visited: Sewer.

You collected 1115 gold pieces.
You spent 651 gold pieces at shops.


Innate Abilities, Weirdness & Mutations

You have blades for hands.
Your spellcasting is less reliable in this form.
You are incapable of wielding weapons or throwing items.
You are mostly covered in icy blue scales. (AC +3)
((A weak demonic guardian rushes to your aid.))
A meltable icy envelope protects you from harm. (AC +8)
A meltable shield of frost defends you. (SH +4)
You have a small tail.


   Skills:
 - Level 8.0(13.0) Fighting
 * Level 11.2(16.2) Dodging
 - Level 10.0(15.0) Unarmed Combat
 - Level 7.0 Invocations
 * Level 12.7 Shapeshifting


You had 12 spell levels left.
You didn't know any spells.
Your spell library contained the following spells:

 Spells                   Type           Power      Damage    Failure   Level
 Freeze                   Ice            0%         1d3       78%         1
 Sting                    Tmut/Pois      0%         1d3       78%         1
 Cigotuvi's Dreadful Rot  Necr/Pois/Air  0%         N/A       87%         2
 Poisonous Vapours        Pois/Air       0%         N/A       87%         2
 Frozen Ramparts          Ice            0%         1d1       97%         3
 Hailstorm                Conj/Ice       0%         3d3       97%         3
 Ignite Poison            Fire/Tmut/Pois 0%         N/A       97%         3
 Ozocubu's Armour         Ice            0%         N/A       97%         3
 Vhi's Electric Charge    Tloc/Air       0%         N/A       97%         3
 Anguish                  Hex/Necr       0%         N/A       100%        4
 Cause Fear               Hex            0%         N/A       100%        4
 Dispel Undead            Necr           0%         3d6       100%        4
 Olgreb's Toxic Radiance  Pois           0%         N/A       100%        4
 Arcjolt                  Conj/Air       0%         1d10      100%        5
 Freezing Cloud           Conj/Ice/Air   0%         6-21      100%        5
 Metabolic Englaciation   Hex/Ice        0%         N/A       100%        5
 Enfeeble                 Hex            0%         N/A       100%        7
 Borgnjor's Revivificati  Necr           0%         N/A       100%        8
 Maxwell's Capacitive Co  Air            0%         ∞         100%        8
 Chain Lightning          Conj/Air       0%         N/A       100%        9
 Death's Door             Necr           0%         N/A       100%        9
 Fire Storm               Conj/Fire      0%         5d1       100%        9
 Shatter                  Erth           0%         3d5*      100%        9
 Death Channel            Necr           Unusable   N/A       N/A         6
 Simulacrum               Ice/Necr       Unusable   N/A       N/A         6
 Haunt                    Necr/Summ      Unusable   N/A       N/A         7

Inventory:

Missiles
 u - a throwing net
Armour
 n - a +2 robe of willpower (worn)
   (You found it on level 3 of the Dungeon)
 Q - the +2 pair of gloves of Spite (melded) {Stlth+}
   (Okawaru gifted it to you on level 14 of the Dungeon)

   Stlth:     It makes you more stealthy.
 R - +0 ice dragon scales
   (You found it on level 14 of the Dungeon)
 S - +0 storm dragon scales
   (You found it on level 14 of the Dungeon)
 T - a +0 pair of boots (worn)
   (You found it on level 14 of the Dungeon)
 U - a scarf of resistance (worn)
   (You found it on level 9 of the Dungeon)
 V - a +0 helmet (worn)
   (You found it on level 12 of the Dungeon)
Jewellery
 i - a +6 ring of strength
   (You found it on level 1 of the Dungeon)
 k - a ring of resist corrosion (right blade hand)
   (You found it on level 2 of the Dungeon)
 s - the ring "Zioptobi" (left blade hand) {rF+ AC+4 Dex+5}
   (You acquired it on level 6 of the Dungeon)

   [ring of protection]

   AC:        It affects your AC (+4).
   Dex:       It affects your dexterity (+5).
   rF:        It protects you from fire.
 v - an amulet of guardian spirit (around neck)
   (You found it on level 7 of the Dungeon)
 D - a ring of magical power
   (You took it off an orc warrior on level 9 of the Dungeon)
 I - a ring of protection from fire
   (You found it on level 11 of the Dungeon)
 J - a +5 ring of evasion
   (You found it on level 11 of the Dungeon)
 L - a ring of willpower
   (You found it on level 12 of the Dungeon)
 N - a ring of ice
   (You found it on level 13 of the Dungeon)
Talismans
 c - a beast talisman
 m - a blade talisman (active)
   (You found it on level 3 of the Dungeon)
 r - a maw talisman
   (You found it on level 14 of the Dungeon)
Wands
 h - a wand of polymorph (17)
   (You took it off Dowan on level 5 of the Dungeon)
 q - a wand of paralysis (24)
   (You found it on level 9 of the Dungeon)
 x - a wand of mindburst (10) (quivered)
   (You found it on level 6 of the Dungeon)
 B - a wand of light (2)
   (You found it on level 10 of the Dungeon)
 C - a wand of roots (12)
   (You found it on level 9 of the Dungeon)
Scrolls
 a - 6 scrolls of teleportation
 j - 2 scrolls of enchant weapon
 l - 5 scrolls of vulnerability
 o - 2 scrolls of amnesia
 t - a scroll of butterflies
 w - a scroll of fog
 y - a scroll of enchant armour
 z - 2 scrolls of blinking
 A - a scroll of torment
 G - a scroll of fear
 M - 4 scrolls of identify
 P - a scroll of revelation
Potions
 b - 9 potions of curing
 d - 3 potions of cancellation
 e - a potion of mutation
 f - 2 potions of enlightenment
 g - 3 potions of heal wounds
 p - a potion of invisibility
 E - 2 potions of might
 F - a potion of brilliance {unknown}
 H - 2 potions of haste
 K - 2 potions of lignification
 O - a potion of berserk rage {unknown}

Dungeon Overview and Level Annotations

Branches:
Dungeon (15/15) Zot: 25920  Temple (1/1) D:6 Zot: 5985    Lair (0/5) D:11
    Orc (1/2) D:9 Zot: 5998  Vaults (0/5) D:13         Depths (0/4) D:15
  Sewer (visited)

Altars:
Ashenzari
Cheibriados
Dithmenos
Fedhas
Gozag
Hepliaklqana
Kikubaaqudgha
Makhleb
Nemelex Xobeh
Okawaru
Qazlal
Ru
Sif Muna
Trog
Uskayaw
Vehumet
Wu Jian
Xom
Yredelemnul

Shops:
D:1 ??**   D:4 !   D:11 [[

Annotations:
D:11 2 transporters, arthad's ghost, journeyman BaSu
D:15 1 transporter, exclusion: stone giant, Ytwo Fev's ghost, adept HuIE

#########
#WW.....# #W#
#####@# # #(....#
..#######.##[.#
........#.##..#
..........##..#
##...##.####..#
...8##.....####..#
....D#........#..#
...#W#........#..#


You could see a phantasmal warrior and 2 freezing wraiths.


Message History

A phantasmal warrior comes into view.
Unknown command.
You slice the phantasmal warrior!! The phantasmal warrior hits you.
Your willpower is stripped away! 😕 HP[-1]
You take 1 damage, and now have 97/98 hp.
You slash the phantasmal warrior! The phantasmal warrior hits you!!
A death knight comes into view.
It is wielding a +0 great mace. 😕 HP[-19] MP[-3]
You take 19 damage, and now have 78/98 hp.
You lost 3 mp, and now have 15/18 mp.
You slash the phantasmal warrior!
You destroy the phantasmal warrior!
Okawaru accepts your kill.
You hit the death knight.
A phantasmal warrior comes into view.
The death knight completely misses you.
You barely miss the death knight.
You tail-slap the death knight, but do no damage. 😕 HP[+1]
You hit the death knight but do no damage.
A freezing wraith comes into view.
The phantasmal warrior gestures at you.
The phantasmal warrior blinks!
The death knight completely misses you.
Unknown command.
You closely miss the death knight.
A freezing wraith comes into view.
The death knight misses you.
You hit the death knight.
The death knight hits you with a +0 great mace!! 😮 HP[-18] MP[-4]
You take 18 damage, and now have 61/98 hp.
You lost 4 mp, and now have 11/18 mp.
You gain the combat prowess of a mighty hero.
The death knight hits you with a +0 great mace!!
* * * LOW HITPOINT WARNING * * *
😨 HP[-19] MP[-5]
You take 19 damage, and now have 42/98 hp.
You lost 5 mp, and now have 6/18 mp.
You fail to use your ability.
The death knight hits you but does no damage.
You slash the death knight!
The death knight hits you with a +0 great mace.
* * * LOW HITPOINT WARNING * * *
😨 HP[-3] MP[-1]
You take 3 damage, and now have 39/98 hp.
You lost 1 mp, and now have 5/18 mp.
You closely miss the death knight. You barely miss the death knight.
The phantasmal warrior gestures at you.
The phantasmal warrior blinks!
You block the death knight's attack.
Unknown command.
You barely miss the death knight.
Your tail-slap misses the death knight.
The phantasmal warrior gestures at you.
The phantasmal warrior blinks!
The death knight hits you with a +0 great mace!!
* * * LOW HITPOINT WARNING * * *
😱 HP[-17] MP[-3]
You take 17 damage, and now have 22/98 hp.
You lost 3 mp, and now have 2/18 mp.
You slash the death knight! Your slash misses the death knight.
You block the phantasmal warrior's attack.
The death knight closely misses you. 😱 HP[+1] Unknown command.
You slash the death knight!
You tail-slap the death knight, but do no damage.
You slash the death knight!! You completely miss the death knight.
You tail-slap the death knight, but do no damage.
You slash the death knight.
The phantasmal warrior hits you but does no damage.
The death knight misses you. 😱 MP[+1]
You slice the death knight!!
The phantasmal warrior closely misses you.
The death knight hits you with a +0 great mace.
* * * LOW HITPOINT WARNING * * *
😱 HP[-2]
You take 2 damage, and now have 21/98 hp.
You hit the death knight.
You kill the death knight!
Okawaru accepts your kill. 😱 HP[+1] Unknown command.
You slash the phantasmal warrior!
The phantasmal warrior barely misses you.
You slice the phantasmal warrior!!
The phantasmal warrior misses you. 😱 HP[+1]
You closely miss the phantasmal warrior.
The phantasmal warrior hits you!
* * * LOW HITPOINT WARNING * * *
😱 HP[-7] MP[-1]
You take 7 damage, and now have 16/98 hp.
You lost 1 mp, and now have 2/18 mp.
You completely miss the phantasmal warrior.
You hit the phantasmal warrior but do no damage.
You tail-slap the phantasmal warrior, but do no damage.
The phantasmal warrior hits you!!
You die...

Skill      XL: |  1  2  3  4  5  6  7  8  9 10 11 12 13 |
---------------+----------------------------------------+-----
Unarmed Combat | 3 4 5 6 7 9 10 | 10.0
Shapeshifting  | 3 4 5 6 8 10 11 12 | 12.7
Invocations    | 1 6 7 |  7.0
Fighting       | 3 5 7 8 |  8.0
Dodging        | 3 6 9 11 | 11.2

Action                     |  1- 3 |  4- 6 |  7- 9 | 10-12 | 13-15 || total
---------------------------+-------+-------+-------+-------+-------++-------
  Melee: Unarmed           |    80 |   225 |   305 |   563 |   210 ||  1383
         Punch             |     1 |     7 |    20 |    56 |    18 ||   102
         Tailslap          |       |       |       |       |    42 ||    42
         Maw               |       |       |       |       |    19 ||    19
 Invoke: Heroism           |       |       |       |     8 |     6 ||    14
         Finesse           |       |       |       |       |     1 ||     1
  Evoke: Wand              |       |       |       |       |     4 ||     4
    Use: Scroll            |     2 |    10 |     8 |     7 |       ||    27
         Potion            |     1 |     2 |     2 |     1 |     2 ||     8
   Stab: Sleeping          |       |     1 |     2 |     2 |     1 ||     6
         Distracted        |       |     1 |       |     1 |       ||     2
 Armour: Animal skin       |    16 |    14 |       |       |       ||    30
         Skin              |     1 |    15 |       |       |     9 ||    25
         Robe              |       |    25 |    90 |   242 |    98 ||   455
  Dodge: Dodged            |    37 |   109 |   148 |   315 |   263 ||   872
  Block: Other             |    14 |    39 |    46 |    88 |    38 ||   225
   Form: Blade             |       |       |       |     1 |     1 ||     2
         Maw               |       |       |       |       |     1 ||     1

Levels and vault maps discovered:
D:1:      dpeg_arrival_boxes_within_box, layout_basic, serial_shops,
          nicolae_shop_temple_entry_statues_fountains, shop, shop, shop,
          hellmonk_ecumenical_altar_lost_god, minmay_misc_feat_more_columns,
          nicolae_figureground_sparkle
D:2:      layout_basic, basic_altar, minmay_randomly_rotated_circles
D:3:      layout_rooms, minmay_strange_pillars, uniq_jessica
D:4:      layout_basic, lemuel_doored_altar, nicolae_ru_path_of_blood,
          serial_shops, nicolae_shop_hallway_stairs, gup_sewer_entry_glass,
          moated_statue
D:5:      layout_gridville, nicolae_qazlal_beasts_of_the_sky, roderic_batcave,
          uniq_duvessa
D:6:      layout_loops_ring, minmay_temple_entry_overgrown
D:7:      layout_loops_cross, lemuel_tele_altar, fountainhead,
          roderic_roman_lattice
D:8:      layout_basic, nicolae_concentric_dashed_squares_mild,
          minmay_misc_feat_plants
D:9:      layout_cave_pools, erik_orc_3, uniq_grum
D:10:     cheibrodos_helix_gallery, layout_basic, serial_bayou_pond_b,
          minmay_fountain_box
D:11:     layout_basic, hellmonk_lair_entry_icy, serial_shops, bzr_firewalk,
          nicolae_shop_peninsula, shop, nzn_ghost_randoct
D:12:     layout_long_grid, elyvilon_altar_4
D:13:     layout_long_grid, erik_vaults_1
D:14:     layout_basic, grunt_qazlal_clouds, minmay_diamond_spiral
D:15:     grunt_enter_depths_giant_problem, layout_basic, gammafunk_ghost_arena,
          chequers_decorated_corner, slow_altar_1
Temple:   eino_narrow_crystal_temple
Orc:1:    gammafunk_beogh_shrine, layout_diamond_mine

Notes
Turn   | Place    | Note
-------+----------+-------------------------------------------
     0 | D:1      | ytrimaz the Demonspawn Shapeshifter began the quest for the
                  | Orb.
     0 | D:1      | Reached XP level 1. HP: 15/15 MP: 1/1
     0 | D:1      | magus.rc [v1.9.6]
    21 | D:1      | Found Toacirem's Magic Scroll Emporium.
    38 | D:1      | Found a faded altar of an unknown god.
    45 | D:1      | Reached skill level 3 in Unarmed Combat
   111 | D:1      | Found Qaat Oxahe's Magic Scroll Shoppe.
   131 | D:1      | Gained mutation: A meltable shield of frost defends you.
                  | (SH +4) [demonic ancestry]
   131 | D:1      | Reached XP level 2. HP: 16/21 MP: 2/2
   203 | D:1      | Found Ipnih's Assorted Antiques.
   232 | D:1      | Found Nudolaig's Assorted Antiques.
  1107 | D:2      | Reached skill level 3 in Shapeshifting
  1107 | D:2      | Reached XP level 3. HP: 22/26 MP: 3/3
  1394 | D:2      | Reached skill level 4 in Unarmed Combat
  1394 | D:2      | Reached XP level 4. HP: 32/32 MP: 4/4
  1659 | D:2      | You pick up a book of Decay and begin reading...
  1659 | D:2      | You add the spells Cigotuvi's Dreadful Rot, Dispel Undead
                  | and Death Channel to your library.
  2181 | D:2      | HP: 8/32 [poisoned by an orc]
  2295 | D:2      | HP: 5/32 [orc/+0 hand axe (5)]
  2428 | D:2      | Gained mutation: A meltable icy envelope protects you from
                  | harm. (AC +8) [demonic ancestry]
  2428 | D:2      | Reached XP level 5. HP: 18/37 MP: 5/5
  2609 | D:2      | HP: 6/37 [orc/+0 hand axe (6)]
  2731 | D:3      | Noticed Jessica
  2839 | D:3      | HP: 7/37 [orc priest/+0 club (3)]
  2844 | D:3      | Reached skill level 5 in Unarmed Combat
  2847 | D:3      | Killed Jessica
  2969 | D:3      | You pick up a book of Annihilations and begin reading...
  2969 | D:3      | You add the spells Chain Lightning, Fire Storm and Shatter
                  | to your library.
  3036 | D:3      | Reached XP level 6. HP: 36/43 MP: 6/6
  3323 | D:3      | You pick up a book of Frost and begin reading...
  3323 | D:3      | You add the spells Freeze, Frozen Ramparts and Hailstorm to
                  | your library.
  3495 | D:4      | Found a glowing drain.
  3535 | Sewer    | Entered a sewer
  3586 | Sewer    | Reached skill level 4 in Shapeshifting
  3698 | D:4      | Found Guof's Distillery.
  3705 | D:4      | Bought a potion of heal wounds for 60 gold pieces
  3705 | D:4      | Bought a potion of lignification for 36 gold pieces
  3920 | D:4      | Found a broken altar of Ashenzari.
  3945 | D:4      | Reached skill level 6 in Unarmed Combat
  3952 | D:4      | Reached XP level 7. HP: 23/48 MP: 7/7
  3952 | D:4      | HP: 12/48 [iguana (12)]
  4180 | D:4      | Found a sacrificial altar of Ru.
  4227 | D:4      | You add the spells Vhi's Electric Charge, Arcjolt and
                  | Maxwell's Capacitive Coupling to your library.
  4550 | D:5      | Entered Level 5 of the Dungeon
  4800 | D:5      | Noticed Duvessa
  4816 | D:5      | Noticed Dowan
  4820 | D:5      | Killed Duvessa
  4828 | D:5      | Killed Dowan
  4829 | D:5      | Reached skill level 7 in Unarmed Combat
  4964 | D:5      | You add the spells Sting, Poisonous Vapours and Olgreb's
                  | Toxic Radiance to your library.
  4995 | D:5      | Reached skill level 5 in Shapeshifting
  4995 | D:5      | Gained mutation: You are partially covered in icy blue
                  | scales. (AC +2) [demonic ancestry]
  4995 | D:5      | Reached XP level 8. HP: 38/54 MP: 8/8
  5067 | D:5      | Found a stormy altar of Qazlal.
  5227 | D:5      | Reached skill level 8 in Unarmed Combat
  5992 | D:6      | Reached skill level 9 in Unarmed Combat
  6098 | D:6      | Found a staircase to the Ecumenical Temple.
  6115 | Temple   | Entered the Ecumenical Temple
  6123 | Temple   | Became a worshipper of Warmaster Okawaru
  6416 | D:6      | Identified a scroll of acquirement
  6416 | D:6      | Acquired the ring "Zioptobi" {rF+ AC+4 Dex+5}
  6501 | D:7      | Reached skill level 1 in Invocations
  6501 | D:7      | Gained mutation: A weak demonic guardian rushes to your
                  | aid. [demonic ancestry]
  6501 | D:7      | Reached XP level 9. HP: 59/59 MP: 9/9
  6603 | D:7      | You pick up a book of Hexes and begin reading...
  6603 | D:7      | You add the spells Anguish, Cause Fear and Enfeeble to your
                  | library.
  6623 | D:7      | Reached skill level 2 in Invocations
  6623 | D:7      | Reached skill level 6 in Shapeshifting
  6899 | D:7      | Reached skill level 3 in Invocations
  6974 | D:7      | Reached * piety under Okawaru
  7091 | D:7      | Found an opulent altar of Gozag.
  7433 | D:8      | Reached skill level 10 in Unarmed Combat
  7433 | D:8      | Reached skill level 4 in Invocations
  7552 | D:8      | Noticed a manticore
  7559 | D:8      | Killed a manticore
  7559 | D:8      | Reached ** piety under Okawaru
  7560 | D:8      | Reached skill level 2 in Fighting
  7560 | D:8      | Reached skill level 5 in Invocations
  7747 | D:8      | Reached skill level 3 in Fighting
  7802 | D:8      | Reached skill level 6 in Invocations
  7916 | D:8      | Gained mutation: A meltable icy envelope protects you from
                  | harm. (AC +8) [demonic ancestry]
  7916 | D:8      | Reached XP level 10. HP: 70/70 MP: 14/14
  8353 | D:9      | Reached skill level 7 in Shapeshifting
  8361 | D:9      | Reached skill level 4 in Fighting
  8361 | D:9      | HP: 17/71 [yak (2)]
  8363 | D:9      | Reached *** piety under Okawaru
  8364 | D:9      | Reached skill level 7 in Invocations
  8366 | D:9      | HP: 12/72 [yak (7)]
  8596 | D:9      | Reached skill level 2 in Dodging
  8757 | D:9      | Noticed Grum
  8778 | D:9      | Reached skill level 5 in Fighting
  9003 | D:9      | Reached skill level 3 in Dodging
  9015 | D:9      | Reached **** piety under Okawaru
  9016 | D:9      | Reached skill level 8 in Shapeshifting
  9028 | D:9      | Killed Grum
  9206 | D:9      | Found a staircase to the Orcish Mines.
  9279 | D:9      | Reached XP level 11. HP: 78/81 MP: 16/16
  9552 | D:9      | Reached skill level 6 in Fighting
  9613 | Orc:1    | Entered Level 1 of the Orcish Mines
  9641 | D:10     | Entered Level 10 of the Dungeon
  9738 | D:10     | Reached skill level 4 in Dodging
 10455 | D:10     | Reached skill level 9 in Shapeshifting
 10464 | D:10     | Reached ***** piety under Okawaru
 10862 | D:11     | Noticed a red ugly thing
 10876 | D:11     | Killed a red ugly thing
 10967 | D:11     | Found a transporter.
 10972 | D:11     | Found Komnoq's Armour Shoppe.
 10988 | D:11     | Reached skill level 5 in Dodging
 10996 | D:11     | Reached skill level 7 in Fighting
 11011 | D:11     | Found a transporter.
 11018 | D:11     | Found Ojoemam's Armour Boutique.
 11098 | D:11     | Noticed a boulder beetle
 11133 | D:11     | Killed a boulder beetle
 11163 | D:11     | Found a flickering gateway to a bazaar.
 11172 | Bazaar   | Entered a bazaar
 11252 | Bazaar   | Found Puazxah's Assorted Antiques.
 11269 | Bazaar   | Found Rawat's General Store.
 11307 | Bazaar   | Found Reokut's Magic Scroll Boutique.
 11323 | Bazaar   | Found Peafiy's Distillery.
 11417 | Bazaar   | Bought a potion of heal wounds for 110 gold pieces
 11417 | Bazaar   | Bought a scroll labelled USUPIOS KEILE for 22 gold pieces
 11417 | Bazaar   | Bought a potion of might for 88 gold pieces
 11461 | Bazaar   | Bought a scroll of fear for 44 gold pieces
 11461 | Bazaar   | Bought a scroll of fog for 44 gold pieces
 11475 | Bazaar   | Bought a potion of haste for 130 gold pieces
 11475 | Bazaar   | Bought a potion of curing for 39 gold pieces
 11475 | Bazaar   | Bought a potion of curing for 39 gold pieces
 11475 | Bazaar   | Bought a potion of curing for 39 gold pieces
 11511 | D:11     | Found a staircase to the Lair.
 11611 | D:11     | Noticed arthad's ghost (journeyman BaSu)
 11612 | D:11     | Noticed a two-headed ogre
 11731 | D:11     | Noticed a boulder beetle
 12210 | D:12     | Reached skill level 10 in Shapeshifting
 12310 | D:12     | You add the spells Ignite Poison and Freezing Cloud to your
                  | library.
 12330 | D:12     | Noticed a purple ugly thing
 12339 | D:12     | Killed a purple ugly thing
 12340 | D:12     | Reached skill level 6 in Dodging
 12340 | D:12     | Gained mutation: You are mostly covered in icy blue scales.
                  | (AC +3) [demonic ancestry]
 12340 | D:12     | Reached XP level 12. HP: 83/92 MP: 15/17
 12543 | D:12     | Reached skill level 8 in Fighting
 12603 | D:12     | Identified the +8 hand axe of Nafuffy {protect, +Blink
                  | Str+2}
 13314 | D:13     | Reached skill level 7 in Dodging
 13315 | D:13     | Found a gate to the Vaults.
 13508 | D:13     | Reached ****** piety under Okawaru
 13680 | D:13     | Identified the +6 dagger of Turmoil {holy, rElec rN+}
 13756 | D:13     | Noticed a centaur warrior
 13763 | D:13     | Killed a centaur warrior
 13763 | D:13     | Received a gift from Okawaru
 13793 | D:13     | You fall into a shaft and drop 1 floor!
 13796 | D:14     | Noticed a boulder beetle
 13811 | D:14     | Killed a boulder beetle
 13823 | D:14     | Received a gift from Okawaru
 14171 | D:14     | Noticed a centaur warrior
 14179 | D:14     | Killed a centaur warrior
 14180 | D:14     | Reached skill level 8 in Dodging
 14180 | D:14     | Reached skill level 11 in Shapeshifting
 14197 | D:14     | HP: 17/92 [skeletal warrior/+0 halberd (16)]
 14199 | D:14     | HP: 8/92 [skeletal warrior/+0 halberd (10)]
 14682 | D:14     | Reached skill level 9 in Dodging
 14908 | D:14     | You pick up a book of Winter and begin reading...
 14908 | D:14     | You add the spells Ozocubu's Armour and Metabolic
                  | Englaciation to your library.
 14915 | D:14     | Noticed a centaur warrior
 14922 | D:14     | Killed a centaur warrior
 14922 | D:14     | Noticed a boulder beetle
 14923 | D:14     | Gained mutation: You have a small tail. [demonic ancestry]
 14923 | D:14     | Reached XP level 13. HP: 66/98 MP: 12/18
 15167 | D:14     | Found a stormy altar of Qazlal.
 15583 | D:14     | Noticed a storm dragon
 15586 | D:14     | Noticed a sphinx
 15599 | D:14     | Received a gift from Okawaru
 15628 | D:14     | Killed a storm dragon
 15644 | D:14     | Identified the +2 pair of gloves of Spite {Stlth+} (Okawaru
                  | gifted it to you on level 14 of the Dungeon)
 15644 | D:14     | Received a gift from Okawaru
 15671 | D:14     | Killed a sphinx
 15672 | D:14     | Reached skill level 10 in Dodging
 15672 | D:14     | Reached skill level 12 in Shapeshifting
 15887 | D:14     | You add the spells Borgnjor's Revivification and Death's
                  | Door to your library.
 16902 | D:15     | Entered Level 15 of the Dungeon
 16932 | D:15     | HP: 18/98 [skeletal warrior/+0 long sword (13)]
 17420 | D:15     | Found a staircase to the Depths.
 17420 | D:15     | Noticed a stone giant
 17539 | D:15     | Found a snail-covered altar of Cheibriados.
 17610 | D:15     | Reached skill level 11 in Dodging
 17626 | D:15     | Identified the +2 short sword "Bingo" {heavy, *Rage rPois
                  | Will+ Str+6} (Okawaru gifted it to you on level 15 of the
                  | Dungeon)
 17626 | D:15     | Received a gift from Okawaru
 17932 | D:15     | Found a transporter.
 17932 | D:15     | Noticed a tengu reaver
 17934 | D:15     | Noticed an ettin
 17935 | D:15     | Noticed Ytwo Fev's ghost (adept HuIE)
 17991 | D:15     | HP: 22/98 [death knight/+0 great mace (17)]
 18000 | D:15     | HP: 16/98 [phantasmal warrior[a death knight] (7)]
 18002 | D:15     | Slain by a phantasmal warrior

Vanquished Creatures
  A sphinx (D:14)
  A storm dragon (D:14)
  An ice dragon (D:14)
  A yaktaur captain (D:14)
  A hydra (D:14)
  A death knight (D:15)
  4 centaur warriors
  3 boulder beetles
  2 dancing weapons (D:13)
  2 tengu warriors (D:15)
  9 skeletal warriors
  A phantasmal warrior (D:15)
  A deep elf pyromancer (D:15)
  8 ugly things
  2 cyclopes
  2 manticores
  A salamander (shapeshifter) (D:14)
  4 gargoyles
  2 unseen horrors (D:11)
  A rime drake (D:11)
  2 efreet
  A kobold demonologist (D:11)
  4 komodo dragons
  A yaktaur (shapeshifter) (D:13)
  A freezing wraith (D:14)
  3 trolls
  A hornet (D:8)
  A wolf spider simulacrum (D:15)
  10 slime creatures
  2 shadows
  3 wyverns
  3 vampires
  A wraith (D:11)
  5 water elementals (D:14)
  14 yaks
  4 steam dragons
  Grum (D:9)
  A warg (D:9)
  3 acid dragons
  2 water moccasins
  Duvessa (D:5)
  2 black bears
  5 orc warriors
  8 ice beasts
  2 sky beasts
  7 wolves
  2 ogres
  14 centaurs
  A kobold brigand (D:9)
  2 gnoll sergeants
  5 bullfrogs
  A scorpion (D:5)
  16 wights
  Dowan (D:5)
  8 killer bees (D:9)
  3 jellies
  7 electric eels
  6 howler monkeys
  2 hounds
  5 orc priests
  2 gnoll boudas (D:5)
  An iron imp (D:15)
  Jessica (D:3)
  5 iguanas
  11 orc wizards
  A hell rat (Sewer)
  22 gnolls
  10 adders
  A river rat (Sewer)
  2 worms
  2 dart slugs
  36 orcs
  5 endoplasms
  6 giant cockroaches
  5 goblins
  6 hobgoblins
  2 jackals (D:3)
  8 kobolds
  4 quokkas
  5 ball pythons
  16 bats
  3 frilled lizards
  8 rats
371 creatures vanquished.

Table legend:
 A = Non-vault XP
 B = Vault XP
 C = Vault XP percentage of total XP
 D = Non-vault monster count
 E = Vault monster count
 F = Vault count percentage of total count
                 A         B        C        D         E       F
            +---------+---------+-------+---------+---------+-------
      Total |   48433 |   10649 |  18.0 |     299 |      72 |  19.4
            +---------+---------+-------+---------+---------+-------
        D:1 |      25 |       0 |   0.0 |      15 |       0 |   0.0
        D:2 |     155 |      21 |  11.9 |      24 |       6 |  20.0
        D:3 |     233 |      37 |  13.7 |      26 |       1 |   3.7
        D:4 |     240 |      21 |   8.0 |      14 |       5 |  26.3
        D:5 |     671 |     353 |  34.5 |      21 |      13 |  38.2
        D:6 |     992 |       0 |   0.0 |      19 |       0 |   0.0
        D:7 |    1254 |       0 |   0.0 |      21 |       0 |   0.0
        D:8 |    1932 |       0 |   0.0 |      14 |       0 |   0.0
        D:9 |    4191 |    1158 |  21.6 |      31 |      17 |  35.4
       D:10 |    2695 |    1069 |  28.4 |      21 |       6 |  22.2
       D:11 |    4021 |    1636 |  28.9 |      15 |      11 |  42.3
       D:12 |    4493 |       2 |   0.0 |      13 |       1 |   7.1
       D:13 |    5109 |    1654 |  24.5 |      17 |       2 |  10.5
       D:14 |   13275 |    4610 |  25.8 |      31 |       4 |  11.4
       D:15 |    9147 |      39 |   0.4 |      17 |       1 |   5.6
      Sewer |       0 |      49 | 100.0 |       0 |       5 | 100.0
            +---------+---------+-------+---------+---------+-------

Skill      XL: |  1  2  3  4  5  6  7  8  9 10 11 12 13 |
---------------+----------------------------------------+-----
Unarmed Combat | 3 4 5 6 7 9 10 | 10.0
Shapeshifting  | 3 4 5 6 8 10 11 12 | 12.7
Invocations    | 1 6 7 |  7.0
Fighting       | 3 5 7 8 |  8.0
Dodging        | 3 6 9 11 | 11.2

Action                     |  1- 3 |  4- 6 |  7- 9 | 10-12 | 13-15 || total
---------------------------+-------+-------+-------+-------+-------++-------
  Melee: Unarmed           |    80 |   225 |   305 |   563 |   210 ||  1383
         Punch             |     1 |     7 |    20 |    56 |    18 ||   102
         Tailslap          |       |       |       |       |    42 ||    42
         Maw               |       |       |       |       |    19 ||    19
 Invoke: Heroism           |       |       |       |     8 |     6 ||    14
         Finesse           |       |       |       |       |     1 ||     1
  Evoke: Wand              |       |       |       |       |     4 ||     4
    Use: Scroll            |     2 |    10 |     8 |     7 |       ||    27
         Potion            |     1 |     2 |     2 |     1 |     2 ||     8
   Stab: Sleeping          |       |     1 |     2 |     2 |     1 ||     6
         Distracted        |       |     1 |       |     1 |       ||     2
 Armour: Animal skin       |    16 |    14 |       |       |       ||    30
         Skin              |     1 |    15 |       |       |     9 ||    25
         Robe              |       |    25 |    90 |   242 |    98 ||   455
  Dodge: Dodged            |    37 |   109 |   148 |   315 |   263 ||   872
  Block: Other             |    14 |    39 |    46 |    88 |    38 ||   225
   Form: Blade             |       |       |       |     1 |     1 ||     2
         Maw               |       |       |       |       |     1 ||     1

Illustrated notes

Table legend:
 A = Kills in this place as a percentage of kills in the entire game.
 B = Kills by you in this place as a percentage of kills by you in the entire game.
 C = Kills by friends in this place as a percentage of kills by friends in the entire game.
 D = Other kills in this place as a percentage of other kills in the entire game.
 E = Experience gained in this place as a percentage of experience gained in the entire game.
 F = Experience gained in this place divided by the number of levels of this place that you have seen.
                   A       B       C       D       E      F
               +-------+-------+-------+-------+-------+----------------------
         Total | 100.0 | 100.0 |   N/A |   N/A | 100.0 | 3109.6
       Dungeon |  98.7 |  98.7 |   N/A |   N/A |  99.9 | 3935.5
         Sewer |   1.3 |   1.3 |   N/A |   N/A |   0.1 |  49.0
               +-------+-------+-------+-------+-------+----------------------

Table legend: (Time is in decaauts)
 A = Elapsed time spent in this place.
 B = Non-inter-level travel time spent in this place.
 C = Inter-level travel time spent in this place.
 D = Time resting spent in this place.
 E = Time spent auto-exploring this place.
 F = Levels seen in this place.
 G = Mean time per level.
                   A        B        C        D        E       F      G
               +--------+--------+--------+--------+--------+-----+--------+
         Total |  17824 |  17045 |    779 |   1803 |  12073 |  19 |  938.1 |
       Dungeon |  17371 |  16597 |    774 |   1803 |  11832 |  15 | 1158.1 |
        Temple |     14 |      9 |      5 |      0 |      0 |   1 |   14.0 |
  Orcish Mines |      1 |      1 |      0 |      0 |      0 |   1 |    1.0 |
        Bazaar |    312 |    312 |      0 |      0 |    175 |   1 |  312.0 |
         Sewer |    124 |    124 |      0 |      0 |     65 |   1 |  124.0 |
               +--------+--------+--------+--------+--------+-----+--------+

Top non-repeatable levels by time:
    D:14: 2314 daAuts
     D:2: 1690 daAuts
    D:10: 1304 daAuts
     D:8: 1198 daAuts
     D:4: 1120 daAuts
    D:13: 1109 daAuts
     D:9: 1105 daAuts
    D:12: 1080 daAuts
    D:15: 1078 daAuts
    D:11: 1046 daAuts
     D:1: 1003 daAuts
     D:6: 925 daAuts
     D:7: 884 daAuts
     D:5: 775 daAuts
     D:3: 734 daAuts
